 Dungeon Crawl Stone Soup version 0.29.0-4-gdea44cf6ec (webtiles) character file.

Game seed: 7593189404358805286

84 qw the Ruffian (level 4, 0/35 HPs)
             Began as a Ghoul Fire Elementalist on Aug 29, 2022.
             Slain by Terence
             ... wielding a +0 flail
              (7 damage)
             ... on level 2 of the Dungeon.
             The game lasted 00:01:40 (2013 turns).

qw the Ruffian (Ghoul Fire Elementalist)            Turns: 2013, Time: 00:01:41

Health: 0/35       AC:  4    Str: 13    XL:     4   Next: 45%
Magic:  5/5        EV: 11    Int: 10    God:
Gold:   116        SH:  0    Dex:  9    Spells: 5/6 levels left

rFire   . . .      SeeInvis .     - Unarmed
rCold   + . .      Faith    .   (no shield)
rNeg    + + +      Spirit   .   d - +0 leather armour
rPois   inf        Reflect  .   (no helmet)
rElec   .          Harm     .   (no cloak)
rCorr   .          Rampage  .   (no gloves)
Will    .....                   f - +0 pair of boots
Stlth   +.........              (no amulet)
HPRegen 0.00/turn               (no ring)
MPRegen 0.09/turn               (no ring)

@: inhibited regen
A: claws 1, cold resistance 1, negative energy resistance 3, inhibited
regeneration, torment resistance 2, devour on kill
a: no special abilities


You were on level 2 of the Dungeon.
You visited 1 branch of the dungeon, and saw 2 of its levels.

You collected 116 gold pieces.


Innate Abilities, Weirdness & Mutations

You are immune to poison.
You have sharp fingernails.
Your flesh is cold resistant. (rC+)
You are immune to negative energy. (rN+++)
You do not regenerate when monsters are visible.
You are immune to unholy pain and torment.
You thrive by killing the living.


   Skills:
 + Level 1.3 Fighting
 - Level 1.7 Dodging
 - Level 2.1 Stealth
 - Level 4.0 Unarmed Combat
 - Level 1.7 Spellcasting
 - Level 0.7 Conjurations
 - Level 2.4 Fire Magic


You had 5 spell levels left.
You knew the following spells:

 Your Spells              Type           Power      Damage    Failure   Level
a - Foxfire               Conj/Fire      16%        2x1d4     22%         1

Your spell library contained the following spells:

 Spells                   Type           Power      Damage    Failure   Level
 Scorch                   Fire           10%        2d6       22%         2
 Conjure Flame            Conj/Fire      4%         6-21      54%         3
 Inner Flame              Hex/Fire       3%         N/A       58%         3
 Flame Wave               Conj/Fire      4%         2d5       91%         4

Inventory:

Missiles
 g - 3 boomerangs (quivered)
Armour
 a - a +0 scale mail
 d - a +0 leather armour (worn)
 f - a +0 pair of boots (worn)
 i - a +0 pair of gloves
Jewellery
 b - a +6 ring of dexterity
Scrolls
 e - a scroll of enchant weapon {unknown}
Potions
 c - a potion of curing {unknown}
 h - 2 potions of mutation {unknown}
 j - a potion of heal wounds {unknown}
 k - a potion of attraction {unknown}

Dungeon Overview and Level Annotations

Branches:
Dungeon (2/15)

Altars:

Annotations:
D:2 Terence


Message History

Throw: 3 boomerangs
Press: ? - help, Q - select action Shift-Dir - straight line, f - Terence You throw a boomerang.
The boomerang hits Terence but does no damage.
Throw: 3 boomerangs
Press: ? - help, Q - select action Shift-Dir - straight line, f/p - Terence You throw a boomerang.
The boomerang hits Terence but does no damage.
Throw: 3 boomerangs
Press: ? - help, Q - select action Shift-Dir - straight line, f/p - Terence You throw a boomerang.
The boomerang hits Terence but does no damage.
You scratch Terence but do no damage. Terence hits you with a +0 flail.
You scratch Terence but do no damage. Terence hits you with a +0 flail.
You scratch Terence but do no damage. Terence hits you with a +0 flail!
You scratch Terence but do no damage. Terence closely misses you.
You scratch Terence but do no damage. Terence misses you.
You claw Terence! Your claw misses Terence.
Terence is heavily wounded.
Terence hits you with a +0 flail!
You scratch Terence.
Terence is severely wounded.
Terence closely misses you.
You barely miss Terence.
Terence is severely wounded.
Terence barely misses you.
You closely miss Terence.
Terence is severely wounded.
Terence completely misses you.
You scratch Terence but do no damage.
Terence is severely wounded.
You barely miss Terence.
Terence is severely wounded.
Terence hits you with a +0 flail!
You die...

###### #.# #.# #.# #.#
#.# ###.#
##.#.#############
#######.#...............
.......##...####@.#####.
##..).....<..# #@.#
#.###.#....## #..# ##.#
#......# .... #..#
#.#.#..# ...## #.##
#.#........!.. #<#
#.###..#.....# #.# #.#
......... ... (.# ..#


You could see Terence.

Vanquished Creatures
  3 adders (D:2)
  A worm (D:2)
  A dart slug (D:2)
  6 ball pythons
  5 endoplasms
  2 giant cockroaches
  6 goblins
  3 hobgoblins
  6 jackals
  A quokka (D:2)
  7 bats
  3 kobolds
  3 rats
47 creatures vanquished.

Notes
Turn   | Place    | Note
-------+----------+-------------------------------------------
     0 | D:1      | qw the Ghoul Fire Elementalist began the quest for the Orb.
     0 | D:1      | Reached XP level 1. HP: 14/14 MP: 2/2
     0 | D:1      | 0 ||| qw: Version: 0.1-a-90-g952f4b7
     0 | D:1      | 0 ||| qw: Game counter: 4041
     0 | D:1      | 0 ||| qw: Always use a shield: true
     0 | D:1      | 0 ||| qw: God list: Okawaru
     0 | D:1      | 0 ||| qw: Allow faded altars: false
     0 | D:1      | 0 ||| qw: Do Orc after D:15 true
     0 | D:1      | 0 ||| qw: Do second Lair branch before Depths: true
     0 | D:1      | 0 ||| qw: Lair rune preference: random
     0 | D:1      | 0 ||| qw: Plans: Normal
     0 | D:1      | 0 ||| PLANNING D:1-11
   243 | D:1      | Reached skill level 1 in Unarmed Combat
   505 | D:1      | Reached skill level 1 in Fighting
   505 | D:1      | Reached XP level 2. HP: 18/23 MP: 3/3
   639 | D:1      | 639 ||| Stepping ~*~*~tactically~*~*~ (stealth).
   750 | D:1      | Reached skill level 2 in Unarmed Combat
   758 | D:1      | 758 ||| Stepping ~*~*~tactically~*~*~ (stealth).
   759 | D:1      | 759 ||| Stepping ~*~*~tactically~*~*~ (stealth).
   762 | D:1      | 762 ||| Stepping ~*~*~tactically~*~*~ (stealth).
   859 | D:1      | Reached XP level 3. HP: 28/28 MP: 4/4
  1015 | D:1      | 1015 ||| Stepping ~*~*~tactically~*~*~ (stealth).
  1021 | D:1      | 1021 ||| Stepping ~*~*~tactically~*~*~ (stealth).
  1022 | D:1      | 1022 ||| Stepping ~*~*~tactically~*~*~ (stealth).
  1147 | D:1      | 1147 ||| UPGRADING to +0 leather armour.
  1157 | D:1      | 1157 ||| DROPPING +0 robe.
  1158 | D:1      | 1158 ||| UPGRADING to +0 pair of boots.
  1163 | D:1      | 1163 ||| DROPPING ring of flight.
  1164 | D:1      | 1164 ||| READING 2 scrolls labelled QIOPUUTUE YWKE.
  1165 | D:1      | 1165 ||| READING scroll labelled HUF AMPUR HOBUC.
  1166 | D:1      | 1166 ||| READING scroll labelled FEWELE VOI.
  1170 | D:1      | 1170 ||| READING scroll labelled RADY URCHOM.
  1171 | D:1      | 1171 ||| DROPPING potion of magic.
  1172 | D:1      | 1172 ||| DROPPING scroll of fear.
  1189 | D:2      | 1189 ||| Stepping ~*~*~tactically~*~*~ (hiding).
  1393 | D:2      | 1393 ||| Stepping ~*~*~tactically~*~*~ (stealth).
  1405 | D:2      | Reached skill level 3 in Unarmed Combat
  1586 | D:2      | Reached XP level 4. HP: 35/35 MP: 5/5
  1754 | D:2      | Reached skill level 4 in Unarmed Combat
  1829 | D:2      | 1829 ||| Stepping ~*~*~tactically~*~*~ (stealth).
  1832 | D:2      | 1832 ||| Stepping ~*~*~tactically~*~*~ (stealth).
  1833 | D:2      | 1833 ||| Stepping ~*~*~tactically~*~*~ (stealth).
  1994 | D:2      | Noticed Terence
  2008 | D:2      | HP: 7/35 [Terence/+0 flail (12)]
  2013 | D:2      | Slain by Terence

Levels and vault maps discovered:
D:1:      dpeg_arrival_snail, layout_loops_ring
D:2:      layout_loops_corners, basic_altar, uniq_terence

Skill      XL: |  1  2  3  4 |
---------------+-------------+-----
Unarmed Combat | 1 2 3 4 |  4.0
Fighting       | 1 |  1.3
Dodging        | |  1.7
Stealth        | |  2.1
Spellcasting   | |  1.7
Conjurations   | |  0.7
Fire Magic     | |  2.4

Action                   |  1- 3 |  4- 6 || total
-------------------------+-------+-------++-------
Melee: Unarmed           |   100 |    52 ||   152
       Punch             |     1 |       ||     1
Throw: Boomerang         |    35 |    24 ||    59
  Use: Scroll            |     4 |       ||     4
 Stab: Sleeping          |     1 |       ||     1
Armor: Robe              |     6 |       ||     6
       Leather armour    |     9 |    14 ||    23
Dodge: Dodged            |    45 |    20 ||    65

Table legend:
 A = Non-vault XP
 B = Vault XP
 C = Vault XP percentage of total XP
 D = Non-vault monster count
 E = Vault monster count
 F = Vault count percentage of total count
                 A         B        C        D         E       F
            +---------+---------+-------+---------+---------+-------
      Total |     120 |       0 |   0.0 |      47 |       0 |   0.0
            +---------+---------+-------+---------+---------+-------
        D:1 |      43 |       0 |   0.0 |      25 |       0 |   0.0
        D:2 |      77 |       0 |   0.0 |      22 |       0 |   0.0
            +---------+---------+-------+---------+---------+-------
